 Dungeon Crawl Stone Soup version 0.31-a0-1300-gb6740aa4e6 (webtiles) character file.

Game seed: 7938271635308263786

365 mopl the Insei (level 6, -1/41 HPs)
             Began as an Octopode Shapeshifter on Dec 18, 2023.
             Was a Priest of Uskayaw.
             Killed by divine providence
             ... invoked by an orc priest
              (9 damage)
             ... on level 5 of the Dungeon.
             The game lasted 00:03:58 (3000 turns).

mopl the Insei (Octopode Shapeshifter)              Turns: 3000, Time: 00:03:58

Health: -1/41      AC:  1    Str: 13    XL:     6   Next: 68%
Magic:  6/6        EV: 13    Int: 12    God:    Uskayaw [***...]
Gold:   65         SH:  4    Dex: 14    Spells: 5/5 levels left

rFire   . .          .
                       - Unarmed
rCold   . . .        g - +0 buckler
rNeg    . . .        (helmet currently unavailable)
rPois   .            f - amulet of regeneration
rElec   .            (no ring)
rCorr   .            (no ring)
SInv    .            (no ring)
Will    .....        (no ring)
Stlth   ++           (no ring)
HPRegen 1.06/turn    (no ring)
MPRegen 0.10/turn    (no ring)
                     (no ring)

%: no passive effects
@: beast-form
A: beast (slay +2), almost no armour, amphibious, 8 rings, camouflage 1,
gelatinous body 1, (nimble swimmer 1), tentacles
a: Begin Untransformation, Renounce Religion, Stomp, Line Pass


You were on level 5 of the Dungeon.
You worshipped Uskayaw.
Uskayaw was noncommittal.
You were a hulking beast.
You visited 2 branches of the dungeon, and saw 6 of its levels.

You collected 175 gold pieces.
You spent 110 gold pieces at shops.

Inventory:

Hand Weapons
 n - a +2 dagger of venom
Missiles
 i - 5 poisoned darts
 j - 9 boomerangs
Armour
 g - a +0 buckler (worn)
Jewellery
 f - an amulet of regeneration (around mantle)
 r - an amulet of reflection
Talismans
 b - a beast talisman
 c - a flux talisman
Wands
 q - a wand of charming (8)
Scrolls
 d - a scroll of enchant armour {unknown}
 e - 3 scrolls of teleportation {unknown}
 h - 3 scrolls of identify
 o - a scroll of vulnerability {unknown}
 p - 2 scrolls of revelation {unknown}
 s - a scroll of poison
 t - a scroll of fear
Potions
 a - a potion of lignification {!q}
 k - a potion of berserk rage {unknown}
 l - a potion of haste {unknown}
 m - a potion of curing
 u - a potion of attraction {unknown}


   Skills:
 + Level 2.4 Fighting
 + Level 1.2 Throwing
 + Level 3.1 Dodging
 + Level 1.1 Shields
 * Level 4.6 Unarmed Combat
 + Level 0.4 Invocations
 * Level 4.4 Shapeshifting


You had 5 spell levels left.
You didn't know any spells.
Your spell library contained the following spells:

 Spells                   Type           Power      Damage    Failure   Level
 Stone Arrow              Conj/Erth      0%         3d7       80%         3
 Lehudib's Crystal Spear  Conj/Erth      0%         10d2      100%        8
 Animate Armour           Summ/Erth      Unusable   N/A       N/A         4

Dungeon Overview and Level Annotations

Branches:
Dungeon (5/15)             Temple (1/1) D:4

Altars:
Ashenzari
Cheibriados
Dithmenos
Fedhas
Gozag
Makhleb
Nemelex Xobeh
Sif Muna
Uskayaw
Xom
Zin

Shops:
D:1 ?


Innate Abilities, Weirdness & Mutations

You are a hulking beast.
Your limbs bulge with bestial killing power. (Slay +2)
You cannot wear most types of armour.
You are amphibious.
You can wear up to eight rings at the same time.
Your skin changes colour to match your surroundings (Stealth+).
Your rubbery body absorbs attacks. (AC +1, EV +1)
((You are camouflaged when in or above water. (Stealth+)))
You have tentacles for arms and can constrict up to eight enemies at once.


Message History

You bump into the rock wall.
The orc wizard completely misses you.
The orc priest casts a cantrip, but nothing happens.
You bump into the rock wall.
The orc wizard casts a spell.
The orc wizard flickers and vanishes!
Deactivating autopickup; reactivate with Ctrl-A.
You tentacle-slap something. Something hits you but does no damage.
Uskayaw will force your foes to helplessly watch your dance.
Uskayaw prepares the audience for your solo!
You bump into the rock wall.
The orc is no longer paralysed. x2
The orc priest is no longer paralysed.
Something hits you.
You bump into the rock wall.
You feel less confused. Something hits you.
You completely miss something.
The orc priest begins to cast a cantrip, but forgets the words!
Something hits you.
* * * LOW HITPOINT WARNING * * *
You tentacle-slap something but do no damage.
Your squeeze misses something.
You hear some strange, mumbled words.
A puff of flame appears from out of thin air!
The puff of flame misses you.
You closely miss something. Your squeeze misses something. Something hits you.
* * * LOW HITPOINT WARNING * * *
You barely miss something. Your squeeze misses something. Something hits you.
* * * LOW HITPOINT WARNING * * *
You bludgeon something! Your squeeze misses something. Something hits you.
* * * LOW HITPOINT WARNING * * *
Uskayaw will force your foes to helplessly watch your dance.
You barely miss something. Something hits you.
* * * LOW HITPOINT WARNING * * *
You completely miss something. Something hits you.
* * * LOW HITPOINT WARNING * * *
You feel better. Something hits you.
* * * LOW HITPOINT WARNING * * *
You tentacle-slap something. You block something's attack.
The orc priest mumbles some strange prayers to Beogh against you.
Beogh smites you!
You die...

#.# #.# #.#
#.# #.# #.#
#.#
############.#
#..ooo{h.....#
#.############


You could see an orc priest and 2 orcs.

Vanquished Creatures
  A scorpion (D:3)
  2 hounds
  2 orc priests
  3 orc wizards
  5 adders
  4 dart slugs
  11 orcs
  8 ball pythons
  4 endoplasms
  2 giant cockroaches
  A goblin (D:1)
  A hobgoblin (D:2)
  2 jackals (D:4)
  4 quokkas
  4 bats
  2 kobolds
  5 rats
61 creatures vanquished.

Notes
Turn   | Place    | Note
-------+----------+-------------------------------------------
     0 | D:1      | mopl the Octopode Shapeshifter began the quest for the Orb.
     0 | D:1      | Reached XP level 1. HP: 13/13 MP: 1/1
   101 | D:1      | Found Xurrang's Magic Scroll Shoppe.
   246 | D:1      | Reached XP level 2. HP: 18/18 MP: 2/2
   379 | D:1      | Found a faded altar of an unknown god.
   872 | D:2      | Reached XP level 3. HP: 23/23 MP: 3/3
  1310 | D:3      | Found a sparkling altar of Nemelex Xobeh.
  1360 | D:3      | Noticed a scorpion
  1371 | D:3      | Killed a scorpion
  1372 | D:3      | Reached XP level 4. HP: 4/29 MP: 4/4
  1410 | D:3      | Reached skill level 4 in Unarmed Combat
  1425 | D:3      | Reached XP level 5. HP: 32/34 MP: 5/5
  1832 | D:3      | Found a glowing silver altar of Zin.
  1981 | D:3      | Reached skill level 2 in Fighting
  1981 | D:3      | Reached skill level 4 in Shapeshifting
  2068 | D:4      | Reached XP level 6. HP: 18/39 MP: 6/6
  2134 | D:1      | Bought a scroll of noise for 10 gold pieces
  2134 | D:1      | Bought a scroll of poison for 40 gold pieces
  2134 | D:1      | Bought a scroll of identify for 20 gold pieces
  2134 | D:1      | Bought a scroll of fear for 40 gold pieces
  2177 | D:4      | Found a burning altar of Makhleb.
  2253 | D:4      | Reached skill level 3 in Dodging
  2255 | D:4      | Reached skill level 1 in Throwing
  2299 | D:4      | Found a staircase to the Ecumenical Temple.
  2315 | Temple   | Entered the Ecumenical Temple
  2330 | Temple   | Became a worshipper of Uskayaw the Reveller
  2427 | D:4      | Reached * piety under Uskayaw
  2639 | D:4      | Identified the +0 ring mail "Ratuuhea" {rF++ rN+ Int-3
                  | Dex+2}
  2694 | D:4      | Found a shimmering blue altar of Sif Muna.
  2706 | D:4      | Reached ** piety under Uskayaw
  2807 | D:4      | Reached skill level 1 in Shields
  2942 | D:5      | Entered Level 5 of the Dungeon
  2989 | D:5      | Reached *** piety under Uskayaw
  2998 | D:5      | HP: 1/41 [something (4)]
  3000 | D:5      | Killed from afar by an orc priest

Illustrated notes

Levels and vault maps discovered:
D:1:      dpeg_arrival_chambers_temple_mockup, layout_loops_ring,
          shapermc_ecumenical_altar_mp_highgroup, serial_shops,
          nicolae_shop_temple_entry_statues_fountains
D:2:      layout_rooms, serial_forest, infiniplex_forest_end_2,
          infiniplex_forest_zigzag_2, infiniplex_forest_fountain,
          infiniplex_forest_straight_4, infiniplex_forest_clump_long,
          infiniplex_forest_clump_large, infiniplex_forest_straight_2
D:3:      layout_basic, nicolae_overflow_crystal_walls, pf_just_have_faith
D:4:      layout_basic, nicolae_sif_muna_condensation,
          overflow_temple_1_default, minmay_temple_entry_statues_fountains
D:5:      layout_basic
Temple:   hellmonk_temple_beads

Skill      XL: |  1  2  3  4  5  6 |
---------------+-------------------+-----
Unarmed Combat | 4 |  4.6
Fighting       | 2 |  2.4
Shapeshifting  | 4 |  4.4
Dodging        | 3 |  3.1
Throwing       | 1 |  1.2
Shields        | 1 |  1.1
Invocations    | |  0.4

Action                     |  1- 3 |  4- 6 || total
---------------------------+-------+-------++-------
  Melee: Unarmed           |    61 |    77 ||   138
         Constrict         |    14 |    22 ||    36
         Tentacles         |     5 |    20 ||    25
         Punch             |     1 |     2 ||     3
    Use: Potion            |     1 |     2 ||     3
   Stab: Sleeping          |     3 |     2 ||     5
 Armour: Skin              |    25 |    49 ||    74
  Dodge: Dodged            |    32 |    35 ||    67
  Block: Buckler           |       |    14 ||    14

Table legend: (Time is in decaauts)
 A = Elapsed time spent in this place.
 B = Non-inter-level travel time spent in this place.
 C = Inter-level travel time spent in this place.
 D = Time resting spent in this place.
 E = Time spent auto-exploring this place.
 F = Levels seen in this place.
 G = Mean time per level.
                   A        B        C        D        E       F      G
               +--------+--------+--------+--------+--------+-----+--------+
         Total |   2999 |   2607 |    392 |     91 |   2061 |   6 |  499.8 |
       Dungeon |   2970 |   2592 |    378 |     91 |   2061 |   5 |  594.0 |
        Temple |     28 |     15 |     13 |      0 |      0 |   1 |   28.0 |
               +--------+--------+--------+--------+--------+-----+--------+

Top non-repeatable levels by time:
     D:3: 865 daAuts
     D:4: 791 daAuts
     D:1: 742 daAuts
     D:2: 514 daAuts
     D:5: 57 daAuts
  Temple: 28 daAuts
